 Dungeon Crawl Stone Soup version 0.27-a0-652-g2d5cf1dcd3 (webtiles) character file.

Game seed: 9406557078111013994

25 Jerej03 the Skirmisher (level 2, -2/24 HPs)
             Began as a Demonspawn Chaos Knight on Mar 16, 2021.
             Was a Plaything of Xom.
             Slain by a bullfrog (8 damage)
             ... on level 1 of the Dungeon.
             The game lasted 00:03:16 (1199 turns).

Jerej03 the Skirmisher (Demonspawn Chaos Knight)    Turns: 1199, Time: 00:03:17

Health: -2/24      AC:  7    Str: 12    XL:     2   Next: 86%
Magic:  2/2        EV: 11    Int: 13    God:    Xom [...*..]
Gold:   33         SH:  0    Dex: 12    Spells: 1/1 levels left

rFire    . . .     SeeInvis .   a - +0 short sword (chaos)
rCold    . . .     Faith    +   (no shield)
rNeg     . . .     Spirit   .   b - +2 leather armour
rPois    .         Reflect  .   (no helmet)
rElec    .         Harm     .   (no cloak)
rCorr    .         Rampage  .   (no gloves)
Will     .....                  (no boots)
Stlth    +.........             k - amulet of faith
HPRegen  0.08/turn              (no ring)
MPRegen  0.08/turn              (no ring)

@: no status effects
A: thin metallic scales 1
a: Renounce Religion


You were on level 1 of the Dungeon.
You worshipped Xom.
You were a favourite toy of Xom.
You visited 1 branch of the dungeon, and saw 1 of its levels.

You collected 33 gold pieces.

Inventory:

Hand Weapons
 a - a +0 short sword of chaos (weapon)
Missiles
 c - 55 stones (quivered)
Armour
 b - a +2 leather armour (worn)
Jewellery
 k - an amulet of faith (around neck)
Scrolls
 d - a scroll of magic mapping
 e - a scroll of fog {unknown}
 g - a scroll of teleportation {unknown}
 h - a scroll of identify {unknown}
 j - a scroll of enchant weapon {unknown}
Potions
 f - a potion of mutation {unknown}
 i - a potion of flight {unknown}
 l - a potion of attraction {unknown}


   Skills:
 + Level 3.4 Fighting
 + Level 3.1 Short Blades
 + Level 2.0 Armour
 + Level 1.1 Dodging


You had one spell level left.
You didn't know any spells.
Your spell library was empty.

Dungeon Overview and Level Annotations

Branches:
Dungeon (1/15)

Altars:


Innate Abilities, Weirdness & Mutations

You are partially covered in thin metallic scales. (AC +2)


Message History

The worker ant bites you but does no damage.
You hit the worker ant.
The worker ant is lightly wounded.
The worker ant closely misses you.
You closely miss the worker ant.
The worker ant is lightly wounded.
The worker ant barely misses you.
You closely miss the worker ant.
The worker ant is lightly wounded.
The worker ant bites you.
You barely miss the worker ant.
The worker ant is lightly wounded. "Hum-dee-hum-dee-hum..."
The worker ant evaporates and reforms as a bullfrog!
The bullfrog hits you!
You completely miss the bullfrog. The bullfrog barely misses you.
The bullfrog hits you.
You are too injured to fight recklessly!
You closely miss the bullfrog. The bullfrog hits you.
* * * LOW HITPOINT WARNING * * *
The bullfrog hits you but does no damage.
You hit the bullfrog. You freeze the bullfrog.
The bullfrog is moderately wounded.
The bullfrog closely misses you. The bullfrog completely misses you.
You closely miss the bullfrog.
The bullfrog is moderately wounded.
The bullfrog closely misses you.
The bullfrog hits you but does no damage.
You closely miss the bullfrog.
The bullfrog is moderately wounded.
The bullfrog hits you.
* * * LOW HITPOINT WARNING * * *
The bullfrog hits you but does no damage.
Okay, then.
Your library has no spells.
As you read the scroll labelled XAMIMOXEEM, it crumbles to dust.
You feel aware of your surroundings.
It was a scroll of magic mapping.
The bullfrog hits you!
You die...
Xom roars with laughter!

### ##########.#
#..........# #.########.# #
#.#,,,...#.# #
#.#,####.#.####### #######
#.#,#...........†. ......#
#F#,##.#.#.###..## ......#
#@#,...#.#.# #..#
÷.....######## #.######.#.#
#..# ...).÷.÷.....#
#..,,,,..#.# #..#
......######.############.#
#..#
..÷...+.......#.......)...#
#..#
......######....########.##
#..# ......# #.#..#
#...#*##.# ......# #.#..#
#≈≈≈≈≈≈#.##
############.#..#
#...####...


You could see a bullfrog.

Vanquished Creatures
  A dart slug (D:1)
  2 giant cockroaches (D:1)
  A goblin (D:1)
  A hobgoblin (D:1)
  7 jackals (D:1)
  3 bats (D:1)
  2 frilled lizards (D:1)
  3 kobolds (D:1)
  2 rats (D:1)
22 creatures vanquished.

Notes
Turn   | Place    | Note
-------+----------+-------------------------------------------
     0 | D:1      | Jerej03 the Demonspawn Chaos Knight began the quest for the
                  | Orb.
     0 | D:1      | Reached XP level 1. HP: 18/18 MP: 1/1
    73 | D:1      | XOM: butterfly on damage
   249 | D:1      | XOM: 1-stop teleportation journey
   379 | D:1      | XOM: silly message
   512 | D:1      | Gained mutation: You are partially covered in thin metallic
                  | scales. (AC +2) [demonic ancestry]
   512 | D:1      | Reached XP level 2. HP: 23/24 MP: 2/2
   588 | D:1      | XOM: confusion (+ monsters)
   589 | D:1      | Reached skill level 1 in Dodging
   590 | D:1      | XOM: god gift: silvery potion {god gift}
   591 | D:1      | XOM: polymorph kobold -> rat
   604 | D:1      | XOM: scenery: 1 doors open, 1 doors close
  1183 | D:1      | XOM: polymorph ooze -> worker ant
  1188 | D:1      | Noticed a bullfrog
  1188 | D:1      | a worker ant changed into a bullfrog
  1188 | D:1      | XOM: polymorph worker ant -> bullfrog
  1199 | D:1      | Slain by a bullfrog

Illustrated notes

Levels and vault maps discovered:
D:1:      dpeg_arrival_rooms_c, layout_basic, ebering_dispersal_statue_hall,
          chequers_serial_rivers_micro_b

Skill      XL: |  1  2 |
---------------+-------+-----
Short Blades   | 3 |  3.1
Dodging        | 1 |  1.1
Armour         | 2 |  2.0
Fighting       | |  3.4

Action                   || total
-------------------------++-------
Melee: Short sword       ||    94
  Use: Scroll            ||     1
       Potion            ||     1
Armor: Leather armour    ||    46
Dodge: Dodged            ||    62

Table legend: (Time is in decaauts)
 A = Elapsed time spent in this place.
 B = Non-inter-level travel time spent in this place.
 C = Inter-level travel time spent in this place.
 D = Time resting spent in this place.
 E = Time spent auto-exploring this place.
 F = Levels seen in this place.
 G = Mean time per level.
                   A        B        C        D        E       F      G
               +--------+--------+--------+--------+--------+-----+--------+
         Total |   1193 |   1193 |      0 |      0 |    978 |   1 | 1193.0 |
       Dungeon |   1193 |   1193 |      0 |      0 |    978 |   1 | 1193.0 |
               +--------+--------+--------+--------+--------+-----+--------+

Top non-repeatable levels by time:
     D:1: 1193 daAuts
